[ AOE2 MATCH · #478114709 ]
UnrankedFranks vs Byzantines
Player's team · WIN
[ REPLAY ANALYSIS · EXTRACTED FROM THE RECORDED GAME ]
Feudal
9:57
Castle
20:14
Imperial
—
| APM avg | 54.2 |
| APM peak | 93 |
| eAPM avg | 22.0 |
| Villagers / military | 67 / 42 |
Focus
⚔️ 22.1% · 🌾 77.9%
Knight ×25 · Skirmisher ×9 · Battering Ram ×3 · Scout Cavalry ×3 · Monk ×1 · Spearman ×1
Feudal
10:45
Castle
21:13
Imperial
28:29
| APM avg | 17.5 |
| APM peak | 37 |
| eAPM avg | 11.5 |
| Villagers / military | 66 / 16 |
Focus
⚔️ 19.1% · 🌾 80.9%
Spearman ×13 · Monk ×3
Match map
Initial resources + every placement click. Lines = walls · curves = elevation contours. ◆ gold · ⬟ stone · ● berries · ✦ relic · ◌ wall gap
Your base· Open — unwalled flank
Shad0w707's base· Open — unwalled flank
Smoothed initial terrain · ◌ = detected wall gap · hover for details
Inputs per minute
— Burgoman2 - - Shad0w707
Build order — Burgoman2
First 150 of 192 actions detected
| 0:01 | Create | Villager (Male) ×4 |
| 0:03 | Build | House |
| 0:05 | Build | House |
| 1:35 | Create | Villager (Male) |
| 1:57 | Build | Lumber Camp |
| 1:59 | Create | Villager (Male) |
| 1:59 | Create | Villager (Male) |
| 2:24 | Create | Villager (Male) |
| 2:24 | Create | Villager (Male) |
| 2:49 | Create | Villager (Male) |
| 2:49 | Create | Villager (Male) |
| 3:22 | Create | Villager (Male) |
| 3:22 | Create | Villager (Male) |
| 3:22 | Create | Villager (Male) |
| 3:30 | Create | Villager (Male) |
| 3:31 | Create | Villager (Male) |
| 4:04 | Build | House |
| 4:07 | Build | House |
| 4:09 | Create | Villager (Male) |
| 4:09 | Create | Villager (Male) |
| 4:33 | Create | Villager (Male) |
| 4:33 | Create | Villager (Male) |
| 4:51 | Build | Mill |
| 4:53 | Create | Villager (Male) |
| 5:22 | Create | Villager (Male) |
| 5:23 | Create | Villager (Male) |
| 5:43 | Create | Villager (Male) |
| 5:43 | Create | Villager (Male) |
| 5:44 | Create | Villager (Male) |
| 6:57 | Research | Loom |
| 7:47 | Research | Feudal Age |
| 8:56 | Build | Barracks |
| 9:09 | Create | Villager (Male) |
| 9:19 | Build | House |
| 9:57 | Age | Feudal Age |
| 10:14 | Build | Stable |
| 10:16 | Create | Villager (Male) |
| 10:19 | Research | Double-Bit Axe |
| 10:38 | Create | Villager (Male) |
| 10:43 | Create | Spearman |
| 10:59 | Build | Palisade Wall |
| 11:10 | Build | Palisade Wall |
| 11:12 | Create | Scout Cavalry |
| 11:12 | Create | Scout Cavalry |
| 11:15 | Build | Farm |
| 11:15 | Build | Farm |
| 11:16 | Build | Farm |
| 11:16 | Build | Farm |
| 11:16 | Build | Farm |
| 11:16 | Build | Farm |
| 11:17 | Build | Farm |
| 11:24 | Create | Villager (Male) |
| 11:25 | Create | Villager (Male) |
| 11:40 | Build | House |
| 11:42 | Build | House |
| 11:49 | Build | Farm |
| 11:51 | Create | Villager (Male) |
| 12:13 | Build | Farm |
| 12:23 | Build | House |
| 12:24 | Create | Villager (Male) |
| 12:34 | Build | Palisade Gate |
| 12:48 | Create | Villager (Male) |
| 12:57 | Build | Archery Range |
| 13:04 | Build | Palisade Wall |
| 13:05 | Build | Palisade Wall |
| 13:07 | Create | Villager (Male) |
| 13:11 | Build | Farm |
| 13:20 | Build | House |
| 13:34 | Build | Farm |
| 13:36 | Build | Farm |
| 13:38 | Create | Villager (Male) |
| 13:55 | Create | Skirmisher |
| 13:55 | Create | Skirmisher |
| 13:59 | Build | House |
| 14:12 | Create | Villager (Male) |
| 14:18 | Build | Palisade Wall |
| 14:29 | Build | Palisade Wall |
| 14:30 | Build | Palisade Wall |
| 14:43 | Create | Skirmisher |
| 15:03 | Build | Lumber Camp |
| 15:10 | Create | Villager (Male) |
| 15:40 | Build | Mining Camp |
| 15:41 | Create | Villager (Male) |
| 15:56 | Build | Palisade Gate |
| 16:06 | Create | Villager (Male) |
| 16:24 | Build | Market |
| 16:27 | Create | Villager (Male) |
| 16:30 | Research | Gold Mining |
| 16:55 | Build | Farm |
| 17:04 | Build | Farm |
| 17:09 | Create | Villager (Male) |
| 17:15 | Build | House |
| 17:18 | Build | Palisade Wall |
| 17:31 | Research | Castle Age |
| 17:52 | Build | Farm |
| 17:56 | Build | Farm |
| 18:06 | Create | Scout Cavalry |
| 18:12 | Build | Farm |
| 18:18 | Build | Farm |
| 18:28 | Build | Farm |
| 18:35 | Build | House |
| 18:47 | Build | Blacksmith |
| 19:00 | Build | Farm |
| 19:08 | Build | Farm |
| 19:16 | Create | Villager (Male) |
| 19:17 | Create | Villager (Male) |
| 19:32 | Research | Scale Barding Armor |
| 19:38 | Build | Palisade Wall |
| 20:14 | Build | Stable |
| 20:14 | Age | Castle Age |
| 20:17 | Create | Knight |
| 20:18 | Create | Knight |
| 20:20 | Create | Villager (Male) |
| 20:26 | Research | Bow Saw |
| 20:52 | Research | Chain Barding Armor |
| 21:03 | Build | House |
| 21:06 | Build | Palisade Wall |
| 21:11 | Create | Knight |
| 21:25 | Create | Knight |
| 21:27 | Create | Knight |
| 21:37 | Create | Villager (Male) |
| 21:52 | Create | Knight |
| 21:52 | Create | Knight |
| 22:12 | Build | Town Center |
| 22:15 | Create | Villager (Male) |
| 22:15 | Create | Villager (Male) |
| 22:31 | Create | Villager (Male) |
| 22:34 | Create | Knight |
| 22:34 | Create | Knight |
| 22:36 | Create | Skirmisher |
| 22:41 | Build | House |
| 22:52 | Build | Farm |
| 22:57 | Create | Villager (Male) |
| 23:23 | Create | Knight |
| 23:23 | Create | Knight |
| 23:24 | Create | Villager (Male) |
| 23:27 | Create | Villager (Male) |
| 24:02 | Create | Knight |
| 24:04 | Create | Skirmisher |
| 24:04 | Create | Skirmisher |
| 24:05 | Create | Villager (Male) |
| 24:05 | Create | Villager (Male) |
| 24:11 | Create | Villager (Male) |
| 24:11 | Create | Villager (Male) |
| 24:29 | Create | Knight |
| 24:29 | Create | Knight |
| 24:40 | Build | Siege Workshop |
| 24:51 | Create | Villager (Male) |
| 24:55 | Create | Knight |
| 24:55 | Create | Knight |
Build order — Shad0w707
121 actions detected in the replay
| 0:01 | Create | Villager (Male) ×4 |
| 0:02 | Build | House |
| 0:03 | Build | House |
| 1:25 | Create | Villager (Male) |
| 1:58 | Build | Lumber Camp |
| 2:17 | Create | Villager (Male) |
| 2:18 | Create | Villager (Male) |
| 2:30 | Build | House |
| 2:34 | Build | House |
| 2:49 | Create | Villager (Male) |
| 3:25 | Create | Villager (Male) |
| 3:47 | Create | Villager (Male) |
| 4:08 | Create | Villager (Male) |
| 4:50 | Research | Loom |
| 4:57 | Create | Villager (Male) |
| 4:57 | Create | Villager (Male) |
| 5:41 | Create | Villager (Male) |
| 5:52 | Build | Mill |
| 6:18 | Create | Villager (Male) |
| 6:34 | Create | Villager (Male) |
| 6:57 | Create | Villager (Male) |
| 7:16 | Create | Villager (Male) |
| 7:51 | Create | Villager (Male) |
| 8:12 | Build | Mining Camp |
| 8:18 | Research | Feudal Age |
| 9:01 | Build | House |
| 9:08 | Build | Palisade Wall |
| 9:22 | Build | Palisade Gate |
| 9:32 | Build | House |
| 9:42 | Build | Farm |
| 9:50 | Create | Villager (Male) |
| 9:51 | Create | Villager (Male) |
| 10:06 | Create | Villager (Male) |
| 10:28 | Build | Barracks |
| 10:36 | Build | House |
| 10:41 | Create | Villager (Male) |
| 10:45 | Age | Feudal Age |
| 11:07 | Build | Palisade Wall |
| 11:23 | Create | Spearman |
| 11:23 | Create | Spearman |
| 11:33 | Build | Farm |
| 11:57 | Create | Villager (Male) |
| 12:05 | Build | Farm |
| 12:08 | Build | Farm |
| 12:21 | Create | Villager (Male) |
| 12:40 | Create | Villager (Male) |
| 12:55 | Build | Farm |
| 13:00 | Build | Farm |
| 13:29 | Create | Villager (Male) |
| 13:35 | Research | Double-Bit Axe |
| 13:48 | Create | Villager (Male) |
| 13:53 | Create | Spearman |
| 13:54 | Create | Spearman |
| 14:04 | Build | Farm |
| 14:05 | Build | Farm |
| 14:11 | Build | Farm |
| 14:14 | Build | Farm |
| 14:56 | Create | Villager (Male) |
| 15:03 | Build | Farm |
| 15:05 | Build | Farm |
| 15:19 | Build | Farm |
| 15:21 | Build | Farm |
| 15:22 | Build | Farm |
| 15:23 | Build | Farm |
| 15:30 | Build | Farm |
| 15:32 | Create | Villager (Male) |
| 15:39 | Create | Villager (Male) |
| 15:45 | Build | Farm |
| 15:54 | Build | Farm |
| 15:58 | Build | House |
| 16:00 | Create | Villager (Male) |
| 16:38 | Create | Villager (Male) |
| 16:46 | Build | Market |
| 16:57 | Create | Villager (Male) |
| 17:38 | Create | Villager (Male) |
| 17:50 | Build | Blacksmith |
| 18:05 | Build | House |
| 18:08 | Create | Villager (Male) |
| 18:20 | Research | Castle Age |
| 18:27 | Build | Farm |
| 19:03 | Build | Mining Camp |
| 19:12 | Build | House |
| 20:47 | Create | Villager (Male) ×5 |
| 21:13 | Age | Castle Age |
| 21:16 | Build | Town Center |
| 22:03 | Build | Farm |
| 22:08 | Create | Villager (Male) |
| 22:19 | Create | Villager (Male) ×5 |
| 23:07 | Research | Pikeman (upgrade) |
| 23:45 | Build | House |
| 23:59 | Create | Villager (Male) |
| 23:59 | Create | Villager (Male) |
| 24:07 | Create | Spearman ×5 |
| 24:13 | Build | Monastery |
| 24:17 | Build | University |
| 24:35 | Create | Villager (Male) |
| 24:35 | Create | Villager (Male) |
| 24:41 | Create | Monk |
| 24:41 | Create | Monk |
| 24:52 | Build | Barracks |
| 25:08 | Research | Forging |
| 25:08 | Research | Scale Mail Armor |
| 25:19 | Research | Imperial Age |
| 25:38 | Build | Farm |
| 25:39 | Build | Farm |
| 25:41 | Build | Farm |
| 26:14 | Create | Monk |
| 26:45 | Build | Farm |
| 26:52 | Research | Wheelbarrow |
| 26:54 | Create | Villager (Male) ×5 |
| 26:55 | Create | Villager (Male) ×5 |
| 27:35 | Build | Farm |
| 27:37 | Build | Farm |
| 27:38 | Create | Villager (Male) ×5 |
| 27:52 | Create | Spearman ×4 |
| 28:24 | Build | Farm |
| 28:26 | Build | Farm |
| 28:26 | Build | Farm |
| 28:29 | Age | Imperial Age |
| 28:38 | Research | Sanctity |
| 28:46 | Build | Farm |
Match timeline
| 8:56 | Burgoman2 · first_building Barracks |
| 9:08 | Shad0w707 · wall_segment Palisade Wall x5 |
| 9:57 | Burgoman2 · age_up feudal |
| 10:14 | Burgoman2 · first_building Stable |
| 10:28 | Shad0w707 · first_building Barracks |
| 10:45 | Shad0w707 · age_up feudal |
| 10:59 | Burgoman2 · wall_segment Palisade Wall x8 |
| 11:07 | Shad0w707 · wall_segment Palisade Wall x3 |
| 11:10 | Burgoman2 · wall_segment Palisade Wall x5 |
| 12:57 | Burgoman2 · first_building Archery Range |
| 13:04 | Burgoman2 · wall_segment Palisade Wall x5 |
| 13:05 | Burgoman2 · wall_segment Palisade Wall x6 |
| 14:18 | Burgoman2 · wall_segment Palisade Wall x10 |
| 14:29 | Burgoman2 · wall_segment Palisade Wall x6 |
| 14:30 | Burgoman2 · wall_segment Palisade Wall x5 |
| 17:18 | Burgoman2 · wall_segment Palisade Wall x6 |
| 19:38 | Burgoman2 · wall_segment Palisade Wall x6 |
| 20:14 | Burgoman2 · age_up castle |
| 21:06 | Burgoman2 · wall_segment Palisade Wall x6 |
| 21:13 | Shad0w707 · age_up castle |
| 24:13 | Shad0w707 · first_building Monastery |
| 24:40 | Burgoman2 · first_building Siege Workshop |
| 25:02 | Burgoman2 · first_building Monastery |
| 28:29 | Shad0w707 · age_up imperial |
| 29:32 | Shad0w707 · resign |
[ AI ANALYSIS · 1 CREDIT ]
What really happened in this match?
Wolo.gg analyzes every decision: build order, eco, micro, common mistakes by bracket. Personalized analysis on WhatsApp or Discord in 30 seconds.
Civ guide
Franks
Perfil
Burgoman2